 Dungeon Crawl Stone Soup version 0.23.2 (webtiles) character file.

Game seed: 12826757381851410994

91 Llamajah the Skirmisher (level 4, -6/35 HPs)
             Began as a Demonspawn Gladiator on June 11, 2019.
             Mangled by a river rat (8 damage)
             ... on level 4 of the Dungeon.
             The game lasted 00:06:44 (2231 turns).

Llamajah the Skirmisher (Demonspawn Gladiator)      Turns: 2231, Time: 00:06:46

Health: -6/35      AC:  7    Str: 14    XL:     4   Next: 34%
Magic:  4/4        EV: 13    Int: 10    God:
Gold:   127        SH:  0    Dex: 15    Spells: 3/3 levels left

rFire    . . .     SeeInvis .   a - +0 long sword
rCold    . . .     Gourm    .   (no shield)
rNeg     . . .     Faith    .   p - +2 animal skin
rPois    .         Spirit   .   c - +0 helmet
rElec    .         Reflect  .   (no cloak)
rCorr    +         Harm     .   (no gloves)
MR       .....                  (no boots)
Stlth    ++........             (no amulet)
HPRegen  0.11/turn              u - ring of resist corrosion
MPRegen  0.09/turn              (no ring)

@: no status effects
A: hooves 1, molten scales 1, nightstalker 1
a: no special abilities


You were on level 4 of the Dungeon.
You were not hungry.

You visited 1 branch of the dungeon, and saw 4 of its levels.

You collected 127 gold pieces.

Inventory:

Hand Weapons
 a - a +0 long sword (weapon)
Armour
 b - a +0 leather armour
 c - a +0 helmet (worn)
 n - a +0 chain mail
 p - a +2 animal skin (worn)
Jewellery
 q - an uncursed ring of ice
 u - a ring of resist corrosion (left hand)
Scrolls
 g - 3 scrolls of blinking {unknown}
 h - 2 scrolls of enchant weapon {unknown}
 j - a scroll of amnesia {unknown}
 k - a scroll of identify {unknown}
 l - a scroll of enchant armour {unknown}
 v - a scroll of noise {unknown}
 w - a scroll of remove curse {unknown}
 y - a scroll of magic mapping {unknown}
Potions
 e - a potion of flight {unknown}
 i - a potion of agility {unknown}
 m - 3 potions of heal wounds {unknown}
 o - a potion of lignification {unknown}
 r - 3 potions of curing {unknown}
 s - a potion of degeneration {unknown}
 t - a potion of resistance {unknown}
 x - a potion of haste {unknown}
Comestibles
 f - 6 rations


   Skills:
 * Level 3.3 Fighting
 + Level 3.2 Long Blades
 + Level 2.3 Throwing
 + Level 3.2 Dodging


You had 3 spell levels left.
You didn't know any spells.
Your spell library was empty.

Dungeon Overview and Level Annotations

Branches:
Dungeon (4/15)
 Temple: D:4-7

Altars:
Dithmenos

Portals:
Sewer: D:4

Annotations:
D:3 2 transporters, centipede's ghost, amateur DsWz


Innate Abilities, Weirdness & Mutations

You have large cloven feet.
You are partially covered in molten scales. (AC +2)
You are slightly more attuned to the shadows.


Message History

Throwing (i - inventory)
d - 2 throwing nets (quivered)
Press: ? - help, Shift-Dir - straight line, f/p - worker ant
Aim: a worker ant (moderately wounded)
You throw a throwing net.
The throwing net closely misses the worker ant.
The bat closely misses you. The bat hits you.
* * * LOW HITPOINT WARNING * * *
The worker ant closely misses you.
You riposte.
You hit the worker ant.
The worker ant is severely wounded.
The river rat misses you.
Throwing (i - inventory)
d - a throwing net (quivered)
Press: ? - help, Shift-Dir - straight line, f/p - worker ant
Aim: a worker ant (severely wounded)
You throw a throwing net. The throwing net hits the worker ant.
The worker ant is caught in the net!
The worker ant is severely wounded.
The bat barely misses you.
The worker ant struggles against the net.
The river rat bites you!
You die...

#$# #.# .##..
..###.
#%.....##......
.....#.(#......
........<......
≈≈.≈≈##..###...
≈≈.≈≈##...##..
.....≈ra.....>.
.....≈≈@#......
..∩.$b≈.##.....
...≈.≈≈..%[..#.
.....≈≈.#......
≈≈≈≈≈##...##...
≈≈≈≈≈ #..##
.≈... ...#


You could see a worker ant (caught), a river rat and a bat.

Vanquished Creatures
  Robin (D:1)
  2 adders
  2 worms
  A leopard gecko (D:3)
  3 giant cockroaches
  11 goblins
  6 hobgoblins
  4 jackals
  3 ball pythons
  6 bats
  3 frilled lizards
  4 kobolds
  9 rats
55 creatures vanquished.

Notes
Turn   | Place    | Note
-------+----------+-------------------------------------------
     0 | D:1      | Llamajah the Demonspawn Gladiator began the quest for the
                  | Orb.
     0 | D:1      | Reached XP level 1. HP: 16/16 MP: 1/1
   233 | D:1      | Gained mutation: You are partially covered in molten
                  | scales. (AC +2) [demonic ancestry]
   233 | D:1      | Reached XP level 2. HP: 23/23 MP: 2/2
   662 | D:2      | Noticed Robin
   809 | D:1      | Gained mutation: You are slightly more attuned to the
                  | shadows. [demonic ancestry]
   809 | D:1      | Reached XP level 3. HP: 16/28 MP: 3/3
   971 | D:1      | Killed Robin
  1343 | D:2      | Found a shadowy altar of Dithmenos.
  1595 | D:2      | Gained mutation: You have large cloven feet. [demonic
                  | ancestry]
  1595 | D:2      | Reached XP level 4. HP: 35/35 MP: 4/4
  1799 | D:3      | Found a transporter.
  1807 | D:3      | Found a transporter.
  1807 | D:3      | Noticed centipede's ghost (amateur DsWz)
  1813 | D:3      | Noticed a necrophage
  2217 | D:4      | Found a glowing drain.
  2231 | D:4      | Mangled by a river rat

Skill      XL: |  1  2  3 |
---------------+----------+-----
Throwing       | 2 |  2.3
Dodging        | 3 |  3.2
Long Blades    | 3 |  3.2
Fighting       | 3 |  3.3

Action                   |  1- 3 |  4- 6 || total
-------------------------+-------+-------++-------
Melee: Long sword        |   110 |    41 ||   151
       Kick              |       |    12 ||    12
Throw: Throwing net      |       |     3 ||     3
 Stab: Sleeping          |     4 |     3 ||     7
  Eat: Chunk             |     2 |     2 ||     4
Armor: Leather armour    |    43 |       ||    43
       Animal skin       |    11 |    26 ||    37
Dodge: Dodged            |   105 |    40 ||   145
       Rpst.: Long sword |    34 |     7 ||    41
